[Event "23rd ETCC Women 2021"]
[Site "Catez"]
[Date "2021.11.13"]
[Round "2.51"]
[White "Bayat, Shohreh"]
[Black "Mrvova, Alena"]
[Result "0-1"]
[ECO "B30"]
[WhiteElo "2091"]
[BlackElo "2174"]
[Annotator "NA"]
[PlyCount "58"]
[EventDate "2021.11.08"]
[EventType "team-tourn"]
[EventCountry "SLO"]
[SourceTitle "playchess.com"]
[Source "ChessBase"]
[SourceQuality "1"]
[WhiteTeam "England"]
[BlackTeam "Slovakia"]
[WhiteTeamCountry "ENG"]
[BlackTeamCountry "SVK"]
[TimeControl "40/5400+30:1800+30"]

1. e4 c5 2. Nf3 Nc6 3. Bb5 e6 4. Bxc6 bxc6 5. e5 Ne7 6.
O-O d6 7. exd6 Ng6 8. Na3 Bxd6 9. Nc4 Bc7 10. Qe2 O-O 11. d3 Qd5 12. Qe4 f5 13. Qxd5 cxd5 14. Na3 Rb8 15. c4 Bd7 16. b3 d4 17. Nc2 e5 18. Rb1 Bd6 19. Nfe1 Bc6 20. f3 e4 21. fxe4 fxe4 22. Rxf8+ Rxf8 23. Ba3 Nf4 24. Kf2 Nxd3+ 25. Ke2 Rf2+ 26. Kd1 Nxe1 27. Nxe1 Rxa2 28. Bb2 Bxh2 29. b4 Ba4+ 0-1

[Event "23rd ETCC Women 2021"]
[Site "Catez"]
[Date "2021.11.13"]
[Round "2.52"]
[White "Motycakova, Monika"]
[Black "Varney, Zoe"]
[Result "1/2-1/2"]
[ECO "C88"]
[WhiteElo "2119"]
[BlackElo "1955"]
[Annotator "NA"]
[PlyCount "103"]
[EventDate "2021.11.08"]
[EventType "team-tourn"]
[EventCountry "SLO"]
[SourceTitle "playchess.com"]
[Source "ChessBase"]
[SourceQuality "1"]
[WhiteTeam "Slovakia"]
[BlackTeam "England"]
[WhiteTeamCountry "SVK"]
[BlackTeamCountry "ENG"]
[TimeControl "40/5400+30:1800+30"]

1. e4 e5 2. Nf3 Nc6 3. Bb5 a6 4. Ba4 Nf6 5. O-O Be7 6. Re1 b5 7. Bb3 O-O 8. a4 Bb7 9. d3 d6 10. Nbd2 Nd7 11. c3 Nc5 12. axb5 axb5 13. Rxa8 Qxa8 14. Bc2 b4 15. d4 bxc3 16. bxc3 Nd7 17. Nf1 Qa1 18. Ne3 Bf6 19. Nd5 exd4 20. Nxf6+ Nxf6 21. cxd4 Nb4 22. d5 Re8 23. Re3 Nxc2 24. Qxc2 Nxe4 25. Ng5 Bxd5 26. Nxe4 Rxe4 27. Qxc7 h6 28. Rxe4 Bxe4 29. h3 Qb1 30. Kh2 Qd3 31. Bb2 Qd2 32. Qc8+ Kh7 33. Qc3 Qf4+ 34. Qg3 Qxg3+ 35. Kxg3 g5 36. f3 Bd3 37. h4 Kg6 38. hxg5 hxg5 39. f4 Be4 40. Ba3 d5 41. fxg5 Kxg5 42. Bb2 Kf5 43. Bc3 Bc2 44. Kf3 Be4+ 45. Kg3 Bxg2 46. Kxg2 Ke4 47. Bf6 Ke3 48. Kg3 Ke4 49. Kg4 d4 50. Bxd4 f5+ 51. Kg5 Kxd4 52. Kxf5 1/2-1/2

[Event "23rd ETCC Women 2021"]
[Site "Catez"]
[Date "2021.11.13"]
[Round "2.53"]
[White "Tsolakidou, Stavroula"]
[Black "Novkovic, Julia"]
[Result "1-0"]
[ECO "D20"]
[WhiteElo "2377"]
[BlackElo "2082"]
[Annotator "NA"]
[PlyCount "59"]
[EventDate "2021.11.08"]
[EventType "team-tourn"]
[EventCountry "SLO"]
[SourceTitle "playchess.com"]
[Source "ChessBase"]
[SourceQuality "1"]
[WhiteTeam "Greece"]
[BlackTeam "Austria"]
[WhiteTeamCountry "GRE"]
[BlackTeamCountry "AUT"]
[TimeControl "40/5400+30:1800+30"]

1. d4 d5 2. c4 dxc4 3. e4 Nf6 4. e5 Nd5 5. Bxc4 Nc6 6. Ne2 Nb6 7. Bd3 e6 8. Nbc3 Bd7 9. a3 Ne7 10. O-O Ned5 11. Ne4 Bc6 12. Qc2 Be7 13. Bd2 a5 14. Rac1 Nd7 15. Qb1 Qb8 16. b4 axb4 17. axb4 N5b6 18. b5 Bd5 19. Nf4 Ra4 20. Be3 Rb4 21. Qc2 Bxe4 22. Bxe4 Nc4 23. Nd3 Nxe3 24. fxe3 Rxb5 25. Qxc7 Bd8 26. Qxb8 Nxb8 27. Nc5 Bg5 28. Rc3 b6 29. Nxe6 fxe6 30. Rc8+ 1-0

[Event "23rd ETCC Women 2021"]
[Site "Catez"]
[Date "2021.11.14"]
[Round "2.54"]
[White "Hapala, Elisabeth"]
[Black "Avramidou, Anastasia"]
[Result "0-1"]
[ECO "B60"]
[WhiteElo "2139"]
[BlackElo "2217"]
[Annotator "ChessBase"]
[PlyCount "100"]
[EventDate "2021.11.08"]
[EventType "team-tourn"]
[EventCountry "SLO"]
[SourceTitle "playchess.com"]
[Source "ChessBase"]
[SourceQuality "1"]
[WhiteTeam "Austria"]
[BlackTeam "Greece"]
[WhiteTeamCountry "AUT"]
[BlackTeamCountry "GRE"]
[TimeControl "40/5400+30:1800+30"]

1. e4 c5 2. Nf3 d6 3. d4 cxd4 4. Nxd4 Nf6 5. Nc3 Nc6 6. Bg5 g6 7. Bxf6 exf6 8. Bb5 Bd7 9. Nd5 Bg7 10. c3 O-O 11. O-O Re8 12. Qd3 f5 13.
exf5 Nxd4 14. cxd4 Bxf5 15. Qb3 Rf8 16. Ne3 Be4 17. Rfd1 Qg5 18.
Bc4 Rac8 19. Bd5 Bxd5 20. Nxd5 b6 21. g3 Rfe8 22. Ne3 Re4 23.
d5 h5 24. Rac1 Rce8 25. Rc4 h4 26. Rxe4 Rxe4 27. Qc2 Qe7 28.
Rd3 Bd4 29. Qc1 Qe5 30. b3 hxg3 31. hxg3 Bxe3 32. Rxe3 Rxe3 33. Qxe3 Qxe3 34. fxe3 Kg7 35. Kf2 Kf6 36. e4 Ke5 37. Ke3 f5 38. exf5 Kxf5 39. Kf3 Ke5 40. Kg4 Kxd5 41. Kg5 Ke4 42. Kxg6 d5 43. g4 d4 44. g5 d3 45. Kf7 d2 46. g6 d1=Q 47. g7 Qd5+ 48.
Kf8 Qf5+ 49. Ke7 Qg6 50. Kf8 Qf6+ 0-1

[Event "23rd ETCC Women 2021"]
[Site "Catez"]
[Date "2021.11.14"]
[Round "2.55"]
[White "Pavlidou, Ekaterini"]
[Black "Teuschler, Barbara"]
[Result "1/2-1/2"]
[ECO "D25"]
[WhiteElo "2172"]
[BlackElo "2115"]
[Annotator "ChessBase"]
[PlyCount "87"]
[EventDate "2021.11.08"]
[EventType "team-tourn"]
[EventCountry "SLO"]
[SourceTitle "playchess.com"]
[Source "ChessBase"]
[SourceQuality "1"]
[WhiteTeam "Greece"]
[BlackTeam "Austria"]
[WhiteTeamCountry "GRE"]
[BlackTeamCountry "AUT"]
[TimeControl "40/5400+30:1800+30"]

1. d4 d5 2. c4 dxc4 3. Nf3 Nf6 4. e3 Bg4 5. Bxc4 e6 6. h3 Bh5 7. Nc3 Nc6 8. g4 Bg6 9. Bb5 Bd6 10. Qa4 O-O 11. a3 Ne4 12. Nd2 f5 13.
Bxc6 bxc6 14. Ndxe4 fxe4 15. Bd2 Rb8 16. O-O-O Rxf2 17. h4 h6 18. h5 Bh7 19. Qc4 Qe7 20. Nb1 Kh8 21. Rhf1 Rf3 22. Qxc6 Qf7 23. Qc4 Rf8 24. Rg1 Qe7 25. Rg2 e5 26. g5 hxg5 27. Rdg1 exd4 28. Qxd4 Rf1+ 29. Rxf1 Rxf1+ 30. Kc2 Be5 31. Qc4 Rf3 32. Nc3 Bg8 33. Qb5 Bf6 34. Kc1 Qe6 35. Rg1 g4 36. h6 gxh6 37. Qh5 Bg5 38.
Rxg4 Rf1+ 39. Nd1 Bf7 40. Bc3+ Kh7 41. Rxg5 Bxh5 42. Rg7+ Kh8 43. Rg6+ Kh7 44. Rg7+ 1/2-1/2

[Event "23rd ETCC Women 2021"]
[Site "Catez"]
[Date "2021.11.14"]
[Round "2.56"]
[White "Mayrhuber, Nikola"]
[Black "Markantonaki, Haritomeni"]
[Result "1/2-1/2"]
[ECO "E52"]
[WhiteElo "2091"]
[BlackElo "2174"]
[Annotator "ChessBase"]
[PlyCount "159"]
[EventDate "2021.11.08"]
[EventType "team-tourn"]
[EventCountry "SLO"]
[SourceTitle "playchess.com"]
[Source "ChessBase"]
[SourceQuality "1"]
[WhiteTeam "Austria"]
[BlackTeam "Greece"]
[WhiteTeamCountry "AUT"]
[BlackTeamCountry "GRE"]
[TimeControl "40/5400+30:1800+30"]

1. d4 Nf6 2. c4 e6 3. Nc3 Bb4 4. Bd2 O-O 5. Nf3 b6 6. e3 Bb7 7. Bd3 d5 8. O-O Bd6 9. cxd5 exd5 10. Rc1 a6 11. Ne5 c5 12. f4 Nc6 13.
Be1 cxd4 14. Nxc6 Bxc6 15. Ne2 Bb7 16. Nxd4 Re8 17. Qf3 Rc8 18. Bh4 Rxc1 19. Rxc1 Bc5 20. Qh3 Bc8 21. Bxf6 Qxf6 22. Qxh7+ Kf8 23. Kh1 g6 24. Qh6+ Ke7 25. Qg5 Qxg5 26. fxg5 Kd6 27. b4 Bxb4 28. Rc6+ Kd7 29. Be2 Re4 30. Rxb6 Bc5 31. Rb2 Bxd4 32. exd4 Rxd4 33. h3 Kc7 34. Rc2+ Kd8 35. Rc6 a5 36. Bf3 Be6 37. Rc5 a4 38. Ra5 Kc7 39. Kh2 Kb6 40. Ra8 Kb5 41. a3 Rd2 42. Rb8+ Kc5 43.
Ra8 Kb5 44. Rb8+ Kc4 45. Rb4+ Kc3 46. Rxa4 d4 47. Kg3 Ra2 48. Kf4 d3 49. Ke3 Ra1 50. Ra6 Re1+ 51. Kf2 d2 52. Rd6 Bc4 53. a4 Bd3 54. Rc6+ Kb4 55. Rd6 d1=Q 56. Bxd1 Rxd1 57. Rd4+ Kc3 58. Rf4 Bc4 59. g4 Rd5 60. h4 Ra5 61. Kg3 Kd3 62. Rf3+ Ke2 63. Ra3 Be6 64. Kf4 Rc5 65. Re3+ Kf2 66. Rxe6 fxe6 67. h5 Rc4+ 68. Ke5 Rxg4 69. hxg6 Rxg5+ 70. Kf6 Rg1 71. a5 e5 72. a6 Ra1 73. Kxe5 Rxa6 74. Kf5 Kg3 75. g7 Ra8 76. Kg5 Rb8 77. Kg6 Kg4 78.
Kf7 Rb7+ 79. Kg6 Rb6+ 80. Kf7 1/2-1/2

[Event "23rd ETCC Women 2021"]
[Site "Catez"]
[Date "2021.11.14"]
[Round "2.57"]
[White "Hrescak, Ivana"]
[Black "Shvayger, Yuliya"]
[Result "1-0"]
[ECO "E46"]
[WhiteElo "2138"]
[BlackElo "2351"]
[Annotator "ChessBase"]
[PlyCount "75"]
[EventDate "2021.11.08"]
[EventType "team-tourn"]
[EventCountry "SLO"]
[SourceTitle "playchess.com"]
[Source "ChessBase"]
[SourceQuality "1"]
[WhiteTeam "Slovenia"]
[BlackTeam "Israel"]
[WhiteTeamCountry "SLO"]
[BlackTeamCountry "ISR"]
[TimeControl "40/5400+30:1800+30"]

1. d4 Nf6 2. c4 e6 3. Nc3 Bb4 4. e3 O-O 5. Nge2 Re8 6. a3 Bf8 7. d5 a5 8. g3 Na6 9. Bg2 Nc5 10. b3 d6 11. O-O Bd7 12. Qc2 exd5 13. cxd5 b5 14. Nd4 b4 15. Nce2 Qb8 16. a4 Qb7 17. Nf4 g6 18. Bb2 Bg7 19. Rfe1 Nfe4 20. h4 f5 21. Bf1 Be5 22. Bc4 Kf8 23. h5 Kf7 24. Nde6 Bxf4 25. Nxc5 Nxc5 26. exf4 Ne4 27. Kg2 Rg8 28. hxg6+ Rxg6 29. Rh1 h6 30. Rh3 Nf6 31. Qd3 Be6 32. Rd1 Rh8 33. Qf3 Bd7 34. Re1 Rh7 35. Re6 Ng4 36. Rh5 Rf6 37. Bxf6 Nxf6 38. Rxf5 1-0

[Event "23rd ETCC Women 2021"]
[Site "Catez"]
[Date "2021.11.14"]
[Round "2.58"]
[White "Klinova, Masha"]
[Black "Kolaric, Spela"]
[Result "0-1"]
[ECO "C50"]
[WhiteElo "2264"]
[BlackElo "2178"]
[Annotator "ChessBase"]
[PlyCount "130"]
[EventDate "2021.11.08"]
[EventType "team-tourn"]
[EventCountry "SLO"]
[SourceTitle "playchess.com"]
[Source "ChessBase"]
[SourceQuality "1"]
[WhiteTeam "Israel"]
[BlackTeam "Slovenia"]
[WhiteTeamCountry "ISR"]
[BlackTeamCountry "SLO"]
[TimeControl "40/5400+30:1800+30"]

1. e4 e5 2. Nf3 Nc6 3. Bc4 Nf6 4. d3 Bc5 5. Nc3 d6 6. Na4 Bb6 7. a3 Be6 8. Nxb6 axb6 9. Bxe6 fxe6 10. O-O O-O 11. Re1 Qe8 12. Bg5 Nh5 13. c3 Qg6 14. Bh4 Rf7 15. Bg3 Raf8 16. Rc1 Nf4 17. Re3 Qf6 18. d4 g5 19. dxe5 dxe5 20. h3 h5 21. h4 gxh4 22. Bxh4 Qh6 23. Bg5 Qg6 24. Bxf4 exf4 25. Rd3 Rg7 26. Qf1 Qxe4 27. Re1 Qg6 28.
Red1 Kh8 29. Rd7 Rfg8 30. Rxg7 Qxg7 31. Ne1 Ne5 32. Rd4 Qg5 33. f3 Ng6 34. Qe2 e5 35. Rd7 Rg7 36. Qd3 Qf6 37. Rxg7 Kxg7 38. Qe4 c6 39. Nd3 Qe6 40. a4 Kf6 41. Nf2 Qd6 42. Qc4 Kg7 43.
Qb3 Nh4 44. Qc2 Qg6 45. Qxg6+ Kxg6 46. Ne4 Nf5 47. Kf2 Kf7 48. c4 Ke7 49. b4 Nd6 50. Nd2 c5 51. b5 Kf6 52. Ke2 Kf5 53.
Kd3 h4 54. Ke2 e4 55. fxe4+ Nxe4 56. Nf3 Kg4 57. Ne5+ Kg3 58.
Kf1 Nd2+ 59. Ke2 Ne4 60. Kf1 h3 61. gxh3 Kxh3 62. Nd7 Kg3 63.
Nxb6 f3 64. Nd5 Nd2+ 65. Ke1 Nxc4 0-1

[Event "23rd ETCC Women 2021"]
[Site "Catez"]
[Date "2021.11.14"]
[Round "2.59"]
[White "Hercog, Nusa"]
[Black "Shapir, Maya"]
[Result "0-1"]
[ECO "E43"]
[WhiteElo "1983"]
[BlackElo "2256"]
[Annotator "ChessBase"]
[PlyCount "90"]
[EventDate "2021.11.08"]
[EventType "team-tourn"]
[EventCountry "SLO"]
[SourceTitle "playchess.com"]
[Source "ChessBase"]
[SourceQuality "1"]
[WhiteTeam "Slovenia"]
[BlackTeam "Israel"]
[WhiteTeamCountry "SLO"]
[BlackTeamCountry "ISR"]
[TimeControl "40/5400+30:1800+30"]

1. d4 e6 2. c4 b6 3. Nc3 Bb4 4. Nf3 Bb7 5. e3 f5 6. Bd3 Nf6 7. O-O O-O 8. a3 Bxc3 9. bxc3 Ne4 10. Qc2 d6 11. Nd2 Nxd2 12. Bxd2 Qg5 13. d5 Nd7 14. f4 Qh5 15. e4 fxe4 16. Bxe4 exd5 17. Bf3 Qf7 18. Rfe1 Rae8 19. Be3 Nf6 20. Rad1 d4 21. Bxb7 dxe3 22. Qd3 Qh5 23. Bf3 Qc5 24. Re2 Qxa3 25. Rde1 Qc5 26. g3 Re7 27. Kg2 Rfe8 28. Rb1 c6 29. h3 d5 30. cxd5 Nxd5 31. c4 Nf6 32. Ra1 Rd7 33. Qb3 h5 34. Ra3 Rde7 35. Ra6 h4 36. gxh4 Kh8 37. Raa2 Nh5 38. Bxh5 Qxh5 39. Qc3 Qxh4 40. Qd4 Re6 41. Kh2 Re4 42. Qd7 Qxf4+ 43. Kg2 R8e6 44. Re1 Rg6+ 45. Kh1 Qf3+ 0-1

[Event "23rd ETCC Women 2021"]
[Site "Catez"]
[Date "2021.11.14"]
[Round "2.60"]
[White "Katkov, Michelle"]
[Black "Mihelic, Vesna"]
[Result "1-0"]
[ECO "C54"]
[WhiteElo "2059"]
[BlackElo "1912"]
[Annotator "ChessBase"]
[PlyCount "75"]
[EventDate "2021.11.08"]
[EventType "team-tourn"]
[EventCountry "SLO"]
[SourceTitle "playchess.com"]
[Source "ChessBase"]
[SourceQuality "1"]
[WhiteTeam "Israel"]
[BlackTeam "Slovenia"]
[WhiteTeamCountry "ISR"]
[BlackTeamCountry "SLO"]
[TimeControl "40/5400+30:1800+30"]

1. e4 e5 2. Nf3 Nc6 3. Bc4 Bc5 4. c3 Nf6 5. d3 a6 6. Bb3 Ba7 7. Nbd2 d6 8. h3 Ne7 9. Nf1 Ng6 10. Ng3 O-O 11. O-O c6 12. d4 h6 13. Be3 Qc7 14. Nh2 Nf4 15. Qf3 g5 16. Ng4 Nxg4 17. hxg4 Qe7 18. Nf5 Qf6 19. g3 Bxf5 20. gxf5 Ng6 21. Kg2 Ne7 22. Rh1 exd4 23. cxd4 Kg7 24. Qh5 Rh8 25. g4 c5 26. e5 dxe5 27. dxe5 Qc6+ 28. Kg1 c4 29. Bxa7 Rxa7 30. Rc1 cxb3 31. Rxc6 Nxc6 32. f6+ Kg8 33. e6 Ne5 34. axb3 Ra8 35. exf7+ Nxf7 36. Qg6+ Kf8 37. Qg7+ Ke8 38. Kg2 1-0

[Event "23rd ETCC Women 2021"]
[Site "Catez"]
[Date "2021.11.14"]
[Round "3.1"]
[White "Goryachkina, Aleksandra"]
[Black "Paehtz, Elisabeth"]
[Result "1-0"]
[ECO "E04"]
[WhiteElo "2604"]
[BlackElo "2485"]
[Annotator "RC"]
[PlyCount "73"]
[EventDate "2021.11.08"]
[EventType "team-tourn"]
[EventCountry "SLO"]
[SourceTitle "playchess.com"]
[Source "ChessBase"]
[SourceQuality "1"]
[WhiteTeam "Russia"]
[BlackTeam "Germany"]
[WhiteTeamCountry "RUS"]
[BlackTeamCountry "GER"]
[TimeControl "40/5400+30:1800+30"]

1. d4 Nf6 2. c4 e6 3. Nf3 Bb4+ 4. Bd2 a5 5. g3 d5 6. Bg2 dxc4 7. a3 Be7 8.
Qa4+ Bd7 9. Qxc4 Bc6 10. Nc3 O-O 11. Qd3 b6 12. O-O Bb7 13.
Ne5 Bxg2 14. Kxg2 Nfd7 15. Qf3 Ra6 16. Rfd1 Qe8 17. Bf4 Bd6 18. Nxd7 Qxd7 19. Rac1 a4 20. e4 Bxf4 21. Qxf4 Ra5 22. d5 Na6 23. dxe6 Qxe6 24. Rd5 Rc5 25. Rxc5 Nxc5 26. Qxc7 Rc8 27. Rd1 f6 28. Rd8+ Rxd8 29. Qxd8+ Kf7 30. Qd5 Ke7 31. Qd4 h5 32. Nxa4 Nxe4 33. Nxb6 h4 34. Nd5+ Kf8 35. Nf4 h3+ 36. Nxh3 Qc6 37. f3 1-0

[Event "23rd ETCC Women 2021"]
[Site "Catez"]
[Date "2021.11.14"]
[Round "3.2"]
[White "Heinemann, Josefine"]
[Black "Lagno, Kateryna"]
[Result "1/2-1/2"]
[ECO "C95"]
[WhiteElo "2336"]
[BlackElo "2550"]
[Annotator "ChessBase"]
[PlyCount "116"]
[EventDate "2021.11.08"]
[EventType "team-tourn"]
[EventCountry "SLO"]
[SourceTitle "playchess.com"]
[Source "ChessBase"]
[SourceQuality "1"]
[WhiteTeam "Germany"]
[BlackTeam "Russia"]
[WhiteTeamCountry "GER"]
[BlackTeamCountry "RUS"]
[TimeControl "40/5400+30:1800+30"]

1. e4 e5 2. Nf3 Nc6 3. Bb5 a6 4. Ba4 Nf6 5. O-O Be7 6. Re1 b5 7. Bb3 d6 8. c3 O-O 9. h3 Nb8 10. d4 Nbd7 11. Nbd2 Bb7 12. Bc2 Re8 13. Nf1 Bf8 14. Bg5 h6 15. Bh4 g6 16. N3d2 Be7 17. dxe5 dxe5 18. a4 Nh5 19. Bxe7 Qxe7 20. g3 Nc5 21. axb5 axb5 22. Qe2 Bc6 23. b4 Nb7 24. Bd3 Nd6 25. Ne3 Nf6 26. Ng4 h5 27. Nxf6+ Qxf6 28. h4 Red8 29. Nb3 Bd7 30. Nc5 Bg4 31. Qf1 c6 32. Be2 Bxe2 33. Qxe2 Rxa1 34. Rxa1 Nc4 35. Rd1 Kg7 36. Kg2 Rd6 37. Rd3 Qe7 38. Rxd6 Qxd6 39. Qd3 Qxd3 40. Nxd3 Kf6 41. Nc1 Nd2 42. f3 Ke6 43. Kf2 Nb1 44. Na2 f5 45. Ke3 Kf6 46. f4 Ke6 47. exf5+ Kxf5 48. fxe5 Kxe5 49. Kd3 Kf5 50. Nc1 Kg4 51. Ne2 Kf3 52. Nf4 Kxg3 53.
Nxg6 Kg4 54. Kd4 Nd2 55. Kc5 Ne4+ 56. Kd4 Nd2 57. Kc5 Ne4+ 58. Kd4 Nd2 1/2-1/2

[Event "23rd ETCC Women 2021"]
[Site "Catez"]
[Date "2021.11.14"]
[Round "3.3"]
[White "Shuvalova, Polina"]
[Black "Klek, Hanna Marie"]
[Result "1-0"]
[ECO "C84"]
[WhiteElo "2515"]
[BlackElo "2343"]
[Annotator "ChessBase"]
[PlyCount "81"]
[EventDate "2021.11.08"]
[EventType "team-tourn"]
[EventCountry "SLO"]
[SourceTitle "playchess.com"]
[Source "ChessBase"]
[SourceQuality "1"]
[WhiteTeam "Russia"]
[BlackTeam "Germany"]
[WhiteTeamCountry "RUS"]
[BlackTeamCountry "GER"]
[TimeControl "40/5400+30:1800+30"]

1. e4 e5 2. Nf3 Nc6 3. Bb5 a6 4. Ba4 Nf6 5. O-O Be7 6. d3 b5 7. Bb3 d6 8. a4 Bd7 9. c3 O-O 10. Bc2 b4 11. a5 d5 12. Qe2 Bg4 13.
Nbd2 bxc3 14. bxc3 d4 15. Ba4 Nxa5 16. h3 Be6 17. Nxe5 dxc3 18. Ndf3 c5 19. Qc2 c4 20. dxc4 Qc7 21. Bf4 Bd6 22. c5 Bxe5 23. Bxe5 Qxc5 24. Bd4 Qc7 25. Qxc3 Qxc3 26. Bxc3 Nb3 27. Bxb3 Bxb3 28. Nd2 Bc2 29. Rfc1 Bd3 30. f3 Nd7 31. Nb3 Rfc8 32. Nd4 g6 33. Kf2 Rab8 34. Ke3 Bc4 35. Be1 f6 36. Rc2 Bf1 37. Nc6 Rxc6 38. Rxc6 Bxg2 39. Bc3 Ne5 40. Rxf6 Nc4+ 41. Kd4 1-0

[Event "23rd ETCC Women 2021"]
[Site "Catez"]
[Date "2021.11.14"]
[Round "3.4"]
[White "Schneider, Jana"]
[Black "Kashlinskaya, Alina"]
[Result "0-1"]
[ECO "C07"]
[WhiteElo "2269"]
[BlackElo "2482"]
[Annotator "ChessBase"]
[PlyCount "116"]
[EventDate "2021.11.08"]
[EventType "team-tourn"]
[EventCountry "SLO"]
[SourceTitle "playchess.com"]
[Source "ChessBase"]
[SourceQuality "1"]
[WhiteTeam "Germany"]
[BlackTeam "Russia"]
[WhiteTeamCountry "GER"]
[BlackTeamCountry "RUS"]
[TimeControl "40/5400+30:1800+30"]

1. e4 e6 2. d4 d5 3. Nd2 c5 4. exd5 Qxd5 5. Ngf3 cxd4 6. Bc4 Qd6 7. O-O Nf6 8. Nb3 Nc6 9. Nbxd4 Nxd4 10. Nxd4 Be7 11. c3 O-O 12. Qf3 Qc7 13. Bb3 a5 14. a4 Bd7 15. Be3 Rfd8 16. Rfd1 Be8 17. Bc2 Nd5 18. Qe4 g6 19. Bh6 Bf6 20. Bd3 Qe7 21. Bb5 Bxb5 22. Nxb5 Rac8 23. Be3 Bg7 24. Bd4 e5 25. Re1 exd4 26. Qxe7 Nxe7 27. Rxe7 dxc3 28. bxc3 b6 29. Rb7 Rc6 30. h3 Bf8 31. Ra2 Bc5 32. Rb2 Rd1+ 33. Kh2 Ra1 34. Na7 Rf6 35. Nc8 Rxf2 36. Rxf2 Bxf2 37. Nxb6 h5 38. g3 Bxb6 39. Rxb6 Rxa4 40. Kg2 Rc4 41. Ra6 a4 42. Ra7 Kg7 43. Ra6 g5 44. Kf2 f6 45. Ra7+ Kg6 46. Ra5 h4 47. gxh4 Rxh4 48. Kg2 Rc4 49. Kh2 f5 50. Ra6+ Kh5 51. Kg2 f4 52. Kh2 Rxc3 53. Rxa4 Kh4 54. Ra8 Rc2+ 55. Kg1 Kxh3 56. Ra3+ Kg4 57. Ra5 f3 58. Rb5 Kf4 0-1

[Event "23rd ETCC Women 2021"]
[Site "Catez"]
[Date "2021.11.14"]
[Round "3.6"]
[White "Javakhishvili, Lela"]
[Black "Mammadova, Gulnar"]
[Result "1-0"]
[ECO "E69"]
[WhiteElo "2446"]
[BlackElo "2395"]
[Annotator "ChessBase"]
[PlyCount "107"]
[EventDate "2021.11.08"]
[EventType "team-tourn"]
[EventCountry "SLO"]
[SourceTitle "playchess.com"]
[Source "ChessBase"]
[SourceQuality "1"]
[WhiteTeam "Georgia"]
[BlackTeam "Azerbaijan"]
[WhiteTeamCountry "GEO"]
[BlackTeamCountry "AZE"]
[TimeControl "40/5400+30:1800+30"]

1. d4 Nf6 2. c4 g6 3. g3 Bg7 4. Bg2 O-O 5. Nf3 d6 6. Nc3 Nbd7 7. O-O e5 8. e4 c6 9. h3 Qb6 10. Re1 exd4 11. Nxd4 Ng4 12. Nce2 Nge5 13. b3 Nc5 14. Be3 Qc7 15. Qc2 f6 16. Rad1 a5 17. f4 Nf7 18. Nc3 Re8 19. a3 Bd7 20.
b4 axb4 21. axb4 Ne6 22. Nb3 Nf8 23. c5 Be6 24. Nd4 dxc5 25.
bxc5 Bc4 26. Na4 Ba6 27. h4 Ne6 28. Nxe6 Rxe6 29. Bh3 Re7 30.
Nb6 Rae8 31. Bf2 Kh8 32. Bd4 Nd8 33. h5 gxh5 34. Nc8 Re6 35.
Nd6 Rg8 36. Bxe6 Nxe6 37. Qh2 Nxd4 38. Rxd4 Bh6 39. Qxh5 Rxg3+ 40. Kf2 Bxf4 41. e5 Rg6 42. Rxf4 Qa5 43. Nc4 Qxc5+ 44. Ne3 Qc3 45. Qd1 Bd3 46. Rxf6 Qb2+ 47. Kf3 Rxf6+ 48. exf6 Qxf6+ 49. Kg3 Qe5+ 50. Kf2 Bg6 51. Qd8+ Kg7 52. Qd7+ Kg8 53. Qc8+ Be8 54. Ng2 1-0

[Event "23rd ETCC Women 2021"]
[Site "Catez"]
[Date "2021.11.14"]
[Round "3.7"]
[White "Fataliyeva, Ulviyya"]
[Black "Arabidze, Meri"]
[Result "1/2-1/2"]
[ECO "E54"]
[WhiteElo "2309"]
[BlackElo "2441"]
[Annotator "ChessBase"]
[PlyCount "134"]
[EventDate "2021.11.08"]
[EventType "team-tourn"]
[EventCountry "SLO"]
[SourceTitle "playchess.com"]
[Source "ChessBase"]
[SourceQuality "1"]
[WhiteTeam "Azerbaijan"]
[BlackTeam "Georgia"]
[WhiteTeamCountry "AZE"]
[BlackTeamCountry "GEO"]
[TimeControl "40/5400+30:1800+30"]

1. d4 Nf6 2. c4 e6 3. Nc3 Bb4 4. e3 O-O 5. Bd3 d5 6. Nf3 c5 7. O-O cxd4 8.
exd4 dxc4 9. Bxc4 b6 10. Qe2 Bb7 11. Bf4 Nc6 12. Rfd1 Ne7 13.
Ne5 Ned5 14. Bd2 Rc8 15. Rac1 Nxc3 16. Bxc3 Be7 17. Rd3 b5 18. Nxf7 Rxf7 19. Bxe6 Bd5 20. Bxc8 Qxc8 21. Bd2 Qd7 22. b3 Bd6 23. f3 Rf8 24. Re3 a6 25. Qe1 Bf7 26. Qh4 b4 27. Ree1 Nd5 28.
Qg4 Qxg4 29. fxg4 Nc3 30. a3 a5 31. Bxc3 bxc3 32. Rxc3 Bxa3 33. Rd3 Bd5 34. Re5 Rd8 35. Kf2 Bb4 36. g3 Kf7 37. Rde3 g6 38.
h4 Rd7 39. g5 Bf8 40. Rd3 Bg7 41. Re1 Rb7 42. Ra1 Rb5 43. Rc1 Rxb3 44. Rc7+ Kg8 45. Ke3 a4 46. Rc5 Rxd3+ 47. Kxd3 Bb3 48. Kc3 Bf8 49. Ra5 Bd6 50. g4 Bd1 51. h5 gxh5 52. gxh5 Bxh5 53. Rxa4 Bg6 54. d5 Be7 55. Ra7 Kf8 56. Kd4 Bxg5 57. d6 Bf6+ 58. Kd5 Bf5 59. Kc6 h5 60. Ra5 Bg4 61. Ra4 Kf7 62. d7 Kg6 63. Kc7 Kg5 64. d8=Q Bxd8+ 65. Kxd8 h4 66. Ra3 h3 67. Rxh3 Bxh3 1/2-1/2

[Event "23rd ETCC Women 2021"]
[Site "Catez"]
[Date "2021.11.14"]
[Round "3.8"]
[White "Melia, Salome"]
[Black "Beydullayeva, Govhar"]
[Result "1/2-1/2"]
[ECO "B54"]
[WhiteElo "2371"]
[BlackElo "2278"]
[Annotator "NA"]
[PlyCount "88"]
[EventDate "2021.11.08"]
[EventType "team-tourn"]
[EventCountry "SLO"]
[SourceTitle "playchess.com"]
[Source "ChessBase"]
[SourceQuality "1"]
[WhiteTeam "Georgia"]
[BlackTeam "Azerbaijan"]
[WhiteTeamCountry "GEO"]
[BlackTeamCountry "AZE"]
[TimeControl "40/5400+30:1800+30"]

1. e4 c5 2. Nf3 d6 3. Bb5+ Bd7 4. c4 Nc6 5. d4 cxd4 6. Nxd4 Nf6 7. Nc3 g6 8. O-O Bg7 9. Bxc6 bxc6 10. c5 O-O 11. Re1 Qb8 12. h3 Rd8 13.
cxd6 exd6 14. Nf3 d5 15. exd5 Nxd5 16. Nxd5 cxd5 17. Bg5 Re8 18. Rxe8+ Qxe8 19. Qd2 Bf5 20. Rc1 Qe4 21. Bh6 Bxh3 22. Bxg7 Kxg7 23. Rc7 Be6 24. Ng5 Qb1+ 25. Kh2 Qf5 26. Qd4+ Kg8 27. Nxe6 Qxe6 28. Rxa7 Rxa7 29. Qxa7 Qe5+ 30. Kg1 Qe1+ 31.
Kh2 Qe5+ 32. Kg1 d4 33. Qa6 Qe1+ 34. Qf1 Qd2 35. Qb5 Qe1+ 36. Qf1 Qd2 37. Qb5 d3 38. Qe8+ Kg7 39. Qe5+ Kg8 40. Qe8+ Kg7 41. Qe5+ Kh6 42. Qh2+ Kg5 43. Qe5+ Kh6 44. Qh2+ Kg7 1/2-1/2

[Event "23rd ETCC Women 2021"]
[Site "Catez"]
[Date "2021.11.14"]
[Round "3.9"]
[White "Zawadzka, Jolanta"]
[Black "Danielian, Elina"]
[Result "0-1"]
[ECO "C01"]
[WhiteElo "2429"]
[BlackElo "2450"]
[Annotator "ChessBase"]
[PlyCount "94"]
[EventDate "2021.11.08"]
[EventType "team-tourn"]
[EventCountry "SLO"]
[SourceTitle "playchess.com"]
[Source "ChessBase"]
[SourceQuality "1"]
[WhiteTeam "Poland"]
[BlackTeam "Armenia"]
[WhiteTeamCountry "POL"]
[BlackTeamCountry "ARM"]
[TimeControl "40/5400+30:1800+30"]

1. e4 e6 2. d4 d5 3. Nc3 Bb4 4. exd5 exd5 5. Bd3 Nc6 6. Nf3 Nge7 7. O-O O-O 8. Ne2 Bd6 9. Ng3 Bxg3 10. hxg3 Bf5 11. Be2 h6 12. c3 Re8 13. Re1 a6 14. Nd2 Bh7 15. Nf1 Nf5 16. g4 Nd6 17. f3 Qf6 18.
Ng3 Bg6 19. Bd2 Nd8 20. Qb3 c6 21. Bf1 Ne6 22. Re5 b5 23.
Rae1 Qd8 24. Nf5 Qd7 25. Qa3 Nc4 26. Bxc4 bxc4 27. Kf2 a5 28. Qa4 h5 29. Ne3 hxg4 30. Nxd5 Qb7 31. Nf4 Qxb2 32. Qd1 Bd3 33. Kg3 gxf3 34. gxf3 Nc7 35. Nxd3 cxd3 36. Rxe8+ Rxe8 37. Rxe8+ Nxe8 38. Qe1 Nf6 39. Bg5 Qxa2 40. Bxf6 gxf6 41. Qe4 Qe2 42. Qg4+ Kf8 43. Qc8+ Qe8 44. Qh3 Qe1+ 45. Kg2 d2 46. Qc8+ Qe8 47. Qc7 Qe2+ 0-1